[ AOE2 MATCH · #471069125 ]
Team RMBritons vs Spanish
[ REPLAY ANALYSIS · EXTRACTED FROM THE RECORDED GAME ]
Feudal
15:06
Castle
21:11
Imperial
33:25
| APM avg | 13.4 |
| APM peak | 31 |
| eAPM avg | 11.4 |
| Villagers / military | 114 / 379 |
Focus
⚔️ 34.0% · 🌾 66.0%
Spearman ×160 · Militia ×76 · Archer ×69 · Skirmisher ×60 · Trade Cart ×9 · Longbowman ×6
Feudal
11:51
Castle
18:16
Imperial
30:25
| APM avg | 10.5 |
| APM peak | 33 |
| eAPM avg | 8.2 |
| Villagers / military | 100 / 137 |
Focus
⚔️ 31.3% · 🌾 68.7%
Unknown (882) ×147 · Bolas Rider ×76 · Spearman ×55 · Kona ×3 · Trade Cart ×2 · Monk ×1
Feudal
13:48
Castle
17:33
Imperial
31:16
| APM avg | 27.0 |
| APM peak | 130 |
| eAPM avg | 19.4 |
| Villagers / military | 127 / 322 |
Focus
⚔️ 27.8% · 🌾 72.2%
Scorpion ×168 · Scout Cavalry ×150 · Trade Cart ×15 · Trebuchet (Packed) ×3 · Monk ×1
Feudal
13:30
Castle
17:28
Imperial
29:16
| APM avg | 21.5 |
| APM peak | 80 |
| eAPM avg | 10.8 |
| Villagers / military | 111 / 248 |
Focus
⚔️ 30.5% · 🌾 69.5%
Spearman ×185 · Mangonel ×46 · Bombard Cannon ×16 · Unknown (882) ×15 · Monk ×1
Feudal
—
Castle
—
Imperial
—
| APM avg | 13.9 |
| APM peak | 34 |
| eAPM avg | 9.8 |
| Villagers / military | 130 / 492 |
Focus
⚔️ 38.9% · 🌾 61.1%
Skirmisher ×297 · Archer ×126 · Spearman ×35 · Longbowman ×25 · Battering Ram ×8 · Monk ×1
Feudal
13:27
Castle
18:49
Imperial
32:18
| APM avg | 23.5 |
| APM peak | 91 |
| eAPM avg | 16.4 |
| Villagers / military | 108 / 340 |
Focus
⚔️ 29.7% · 🌾 70.3%
Scout Cavalry ×217 · Janissary ×53 · Bombard Cannon ×51 · Trade Cart ×20 · Scorpion ×19
Feudal
12:32
Castle
20:23
Imperial
33:02
| APM avg | 18.8 |
| APM peak | 61 |
| eAPM avg | 12.2 |
| Villagers / military | 100 / 274 |
Focus
⚔️ 29.6% · 🌾 70.4%
Scout Cavalry ×166 · Knight ×73 · Bombard Cannon ×15 · Spearman ×13 · Trade Cart ×5 · Mangonel ×4
Feudal
18:57
Castle
23:57
Imperial
43:02
| APM avg | 25.9 |
| APM peak | 62 |
| eAPM avg | 14.8 |
| Villagers / military | 134 / 272 |
Focus
⚔️ 34.0% · 🌾 66.0%
Knight ×120 · Spearman ×83 · Conquistador ×19 · Bombard Cannon ×18 · Battering Ram ×15 · Trade Cart ×13
Match map
Initial resources + every placement click. Lines = walls · curves = elevation contours. ◆ gold · ⬟ stone · ● berries · ✦ relic · ◌ wall gap
Your base
It.Happens's base
riskND's base
Ploccio's base· Open — unwalled flank
ElHombre724964's base· Open — unwalled flank
gabisan's base
BattiLaFiacca's base· Open — unwalled flank
nyquist's base
Smoothed initial terrain · ◌ = detected wall gap · hover for details
Inputs per minute
— email_to_mihai - - It.Happens
Build order — email_to_mihai
First 150 of 400 actions detected
| 0:02 | Create | Villager (Male) |
| 0:03 | Create | Villager (Male) |
| 0:23 | Build | House |
| 0:25 | Build | House |
| 0:32 | Research | Loom |
| 0:56 | Create | Villager (Male) |
| 0:57 | Create | Villager (Male) |
| 1:31 | Create | Villager (Male) |
| 1:31 | Create | Villager (Male) |
| 1:53 | Build | Palisade Wall |
| 2:01 | Create | Villager (Male) |
| 2:37 | Create | Villager (Male) |
| 3:10 | Create | Villager (Male) |
| 3:45 | Create | Villager (Male) |
| 3:45 | Create | Villager (Male) |
| 4:19 | Create | Villager (Male) |
| 4:19 | Create | Villager (Male) |
| 4:52 | Build | House |
| 5:10 | Create | Villager (Male) |
| 5:10 | Create | Villager (Male) |
| 5:59 | Build | Mill |
| 6:10 | Build | House |
| 6:12 | Build | House |
| 6:15 | Build | House |
| 6:28 | Create | Villager (Male) |
| 7:03 | Create | Villager (Male) |
| 7:35 | Create | Villager (Male) |
| 8:10 | Create | Villager (Male) |
| 8:35 | Create | Villager (Male) |
| 8:46 | Build | Lumber Camp |
| 8:52 | Create | Villager (Male) |
| 8:52 | Create | Villager (Male) |
| 9:01 | Create | Villager (Male) |
| 9:02 | Create | Villager (Male) |
| 9:29 | Build | Palisade Wall |
| 10:02 | Build | Mining Camp |
| 10:08 | Create | Villager (Male) |
| 10:09 | Create | Villager (Male) |
| 10:31 | Build | Mining Camp |
| 11:25 | Create | Villager (Male) |
| 11:25 | Create | Villager (Male) |
| 11:37 | Build | Lumber Camp |
| 11:42 | Create | Villager (Male) |
| 11:50 | Build | Mining Camp |
| 12:56 | Research | Feudal Age |
| 13:15 | Build | Mill |
| 14:56 | Create | Villager (Male) |
| 14:56 | Create | Villager (Male) |
| 15:06 | Age | Feudal Age |
| 15:17 | Build | Blacksmith |
| 15:24 | Build | Barracks |
| 16:03 | Build | House |
| 16:13 | Create | Villager (Male) |
| 16:27 | Create | Villager (Male) |
| 16:56 | Create | Villager (Male) |
| 17:03 | Build | Archery Range |
| 17:23 | Build | Stone Wall |
| 17:29 | Create | Villager (Male) |
| 18:00 | Create | Villager (Male) |
| 18:31 | Research | Castle Age |
| 18:59 | Build | Farm |
| 18:59 | Build | Farm |
| 19:00 | Build | Farm |
| 19:00 | Build | Farm |
| 19:02 | Build | Farm |
| 19:16 | Build | Farm |
| 19:22 | Build | Farm |
| 19:23 | Build | Farm |
| 19:23 | Build | Farm |
| 19:24 | Build | Farm |
| 19:39 | Build | Farm |
| 19:39 | Build | Farm |
| 19:40 | Build | Farm |
| 20:10 | Research | Stone Mining |
| 20:26 | Build | Stone Wall |
| 20:38 | Research | Gold Mining |
| 20:41 | Research | Horse Collar |
| 20:58 | Build | House |
| 20:59 | Build | House |
| 21:03 | Create | Villager (Male) |
| 21:11 | Age | Castle Age |
| 21:22 | Research | Double-Bit Axe |
| 21:25 | Create | Villager (Male) |
| 21:39 | Build | Farm |
| 21:57 | Build | Castle |
| 22:22 | Build | Town Center |
| 22:37 | Build | Town Center |
| 22:42 | Create | Villager (Male) |
| 22:42 | Create | Villager (Male) |
| 22:43 | Create | Villager (Male) |
| 22:43 | Create | Villager (Male) |
| 22:43 | Create | Villager (Male) |
| 22:49 | Research | Bow Saw |
| 23:44 | Build | Town Center |
| 24:11 | Research | Wheelbarrow |
| 24:12 | Create | Villager (Male) |
| 24:13 | Create | Villager (Male) |
| 24:15 | Create | Villager (Male) |
| 24:15 | Create | Villager (Male) |
| 24:24 | Build | Town Center |
| 24:34 | Create | Villager (Male) |
| 24:35 | Create | Villager (Male) |
| 25:00 | Build | Siege Workshop |
| 25:08 | Research | Elite Skirmisher (upgrade) |
| 25:10 | Create | Skirmisher |
| 25:10 | Create | Skirmisher |
| 25:10 | Create | Skirmisher |
| 25:10 | Create | Skirmisher |
| 25:11 | Create | Skirmisher |
| 25:30 | Create | Mangonel |
| 25:52 | Create | Villager (Male) |
| 25:52 | Create | Villager (Male) |
| 25:56 | Create | Villager (Male) |
| 25:56 | Create | Villager (Male) |
| 26:03 | Build | Farm |
| 26:03 | Build | Farm |
| 26:04 | Build | Farm |
| 26:05 | Build | Farm |
| 26:09 | Create | Villager (Male) |
| 26:11 | Create | Villager (Male) |
| 26:49 | Create | Villager (Male) |
| 26:50 | Create | Villager (Male) |
| 26:55 | Build | Farm |
| 26:56 | Build | Farm |
| 27:02 | Create | Villager (Male) |
| 27:02 | Create | Villager (Male) |
| 27:08 | Build | Farm |
| 27:08 | Build | Farm |
| 27:09 | Build | Farm |
| 27:12 | Create | Villager (Male) |
| 27:13 | Create | Villager (Male) |
| 27:13 | Create | Villager (Male) |
| 27:27 | Build | Farm |
| 27:29 | Build | Farm |
| 27:32 | Create | Villager (Male) |
| 27:35 | Create | Villager (Male) |
| 27:35 | Create | Villager (Male) |
| 27:40 | Build | Farm |
| 27:45 | Create | Villager (Male) |
| 27:50 | Build | Farm |
| 27:51 | Build | Farm |
| 27:51 | Build | Farm |
| 27:56 | Create | Villager (Male) |
| 28:02 | Build | Farm |
| 28:02 | Build | Farm |
| 28:03 | Build | Farm |
| 28:03 | Build | Farm |
| 28:04 | Build | Farm |
| 28:10 | Create | Villager (Male) |
| 28:10 | Create | Villager (Male) |
Build order — It.Happens
First 150 of 335 actions detected
| 0:01 | Create | Villager (Male) |
| 0:02 | Create | Villager (Male) |
| 0:02 | Create | Villager (Male) |
| 0:05 | Build | House |
| 0:28 | Create | Villager (Male) |
| 0:28 | Create | Villager (Male) |
| 1:24 | Build | House |
| 1:41 | Create | Villager (Male) |
| 2:03 | Build | House |
| 2:08 | Build | Palisade Gate |
| 2:13 | Build | Palisade Wall |
| 2:15 | Build | Palisade Wall |
| 2:16 | Build | Palisade Wall |
| 2:32 | Create | Villager (Male) |
| 2:53 | Create | Villager (Male) |
| 2:58 | Research | Loom |
| 3:13 | Create | Villager (Male) |
| 3:31 | Create | Villager (Male) |
| 3:56 | Build | Palisade Gate |
| 4:01 | Create | Villager (Male) |
| 4:02 | Create | Villager (Male) |
| 4:39 | Create | Villager (Male) |
| 5:13 | Build | Palisade Wall |
| 5:17 | Build | Palisade Wall |
| 5:18 | Build | Palisade Wall |
| 5:22 | Create | Villager (Male) |
| 6:20 | Create | Villager (Male) |
| 6:21 | Create | Villager (Male) |
| 6:29 | Build | House |
| 6:39 | Create | Villager (Male) |
| 7:01 | Create | Villager (Male) |
| 7:13 | Build | Settlement |
| 7:42 | Create | Villager (Male) |
| 8:17 | Create | Villager (Male) |
| 8:45 | Create | Villager (Male) |
| 9:16 | Create | Villager (Male) |
| 9:30 | Build | Settlement |
| 9:36 | Research | Feudal Age |
| 10:02 | Create | Villager (Male) |
| 11:50 | Create | Villager (Male) |
| 11:51 | Age | Feudal Age |
| 12:21 | Build | Settlement |
| 12:25 | Create | Villager (Male) |
| 12:40 | Build | Market |
| 12:43 | Create | Villager (Male) |
| 13:14 | Build | Settlement |
| 13:18 | Create | Villager (Male) |
| 13:43 | Build | Blacksmith |
| 13:52 | Create | Villager (Male) |
| 14:11 | Create | Villager (Male) |
| 14:23 | Create | Villager (Male) |
| 14:26 | Build | House |
| 14:49 | Build | Farm |
| 15:07 | Create | Villager (Male) |
| 15:18 | Build | House |
| 15:34 | Research | Castle Age |
| 15:53 | Build | House |
| 16:32 | Create | Villager (Male) |
| 16:42 | Build | Barracks |
| 17:25 | Build | Farm |
| 17:26 | Build | Farm |
| 17:49 | Build | Archery Range |
| 18:13 | Build | House |
| 18:16 | Age | Castle Age |
| 18:21 | Create | Villager (Male) |
| 18:46 | Build | Outpost |
| 18:50 | Create | Villager (Male) |
| 18:54 | Build | Farm |
| 18:55 | Build | Farm |
| 18:55 | Build | Farm |
| 18:56 | Build | Farm |
| 18:56 | Build | Farm |
| 18:56 | Build | Farm |
| 19:04 | Create | Villager (Male) |
| 19:28 | Create | Villager (Male) |
| 19:39 | Build | Castle |
| 19:53 | Build | Farm |
| 19:55 | Build | Farm |
| 20:08 | Build | Building 673 |
| 20:14 | Build | Stone Wall |
| 20:21 | Build | Stone Wall |
| 20:23 | Build | Stone Wall |
| 20:27 | Create | Villager (Male) |
| 20:27 | Create | Villager (Male) |
| 20:33 | Build | Farm |
| 20:58 | Create | Villager (Male) |
| 20:59 | Research | Wheelbarrow |
| 21:28 | Build | Building 487 |
| 21:33 | Build | Stone Wall |
| 21:36 | Build | Stone Wall |
| 21:53 | Build | Barracks |
| 22:17 | Create | Villager (Male) |
| 22:53 | Create | Villager (Male) |
| 22:55 | Build | Farm |
| 22:56 | Build | Farm |
| 22:58 | Build | Farm |
| 23:36 | Build | Barracks |
| 23:46 | Create | Villager (Male) |
| 23:51 | Build | Farm |
| 23:58 | Build | Town Center |
| 24:17 | Create | Villager (Male) |
| 24:18 | Create | Villager (Male) |
| 24:41 | Build | Monastery |
| 24:42 | Create | Villager (Male) |
| 24:56 | Build | House |
| 25:04 | Build | Farm |
| 25:15 | Create | Villager (Male) |
| 25:19 | Create | Villager (Male) |
| 25:20 | Create | Villager (Male) |
| 25:23 | Build | Farm |
| 25:31 | Create | Monk |
| 25:50 | Build | Farm |
| 25:54 | Build | Farm |
| 26:04 | Create | Villager (Male) |
| 26:05 | Create | Villager (Male) |
| 26:10 | Build | Farm |
| 26:15 | Build | Farm |
| 27:15 | Research | Imperial Age |
| 27:18 | Research | Town Watch |
| 27:29 | Build | Barracks |
| 27:33 | Create | Villager (Male) |
| 27:34 | Create | Villager (Male) |
| 27:36 | Create | Villager (Male) |
| 27:41 | Build | Farm |
| 27:43 | Build | Farm |
| 27:44 | Build | Farm |
| 27:48 | Create | Villager (Male) |
| 27:48 | Create | Villager (Male) |
| 27:52 | Research | Double-Bit Axe |
| 28:08 | Research | Scale Mail Armor |
| 28:25 | Create | Kona |
| 28:29 | Create | Kona |
| 28:35 | Create | Villager (Male) |
| 28:39 | Build | Farm |
| 28:41 | Build | Farm |
| 28:45 | Build | Farm |
| 28:46 | Build | Farm |
| 28:48 | Build | Farm |
| 28:51 | Create | Villager (Male) |
| 28:52 | Create | Villager (Male) |
| 29:08 | Create | Villager (Male) |
| 29:09 | Create | Villager (Male) |
| 29:09 | Create | Villager (Male) |
| 29:29 | Research | Gold Mining |
| 29:36 | Research | Horse Collar |
| 29:41 | Create | Villager (Male) |
| 29:58 | Create | Villager (Male) |
| 30:00 | Create | Villager (Male) |
| 30:08 | Create | Kona |
| 30:25 | Age | Imperial Age |
Build order — riskND
First 150 of 294 actions detected
| 0:03 | Create | Villager (Male) ×4 |
| 0:06 | Build | House |
| 0:08 | Build | House |
| 0:30 | Research | Loom |
| 1:46 | Build | Palisade Wall |
| 1:56 | Create | Villager (Male) |
| 2:50 | Create | Villager (Male) |
| 2:50 | Create | Villager (Male) |
| 3:00 | Build | Palisade Wall |
| 3:40 | Create | Villager (Male) |
| 4:12 | Create | Villager (Male) |
| 4:41 | Create | Villager (Male) |
| 4:58 | Build | House |
| 5:00 | Build | House |
| 5:06 | Build | House |
| 5:12 | Create | Villager (Male) |
| 5:27 | Create | Villager (Male) |
| 5:48 | Create | Villager (Male) |
| 6:02 | Build | House |
| 6:13 | Create | Villager (Male) |
| 6:25 | Build | Palisade Wall |
| 6:30 | Build | Palisade Wall |
| 6:37 | Create | Villager (Male) |
| 6:51 | Build | House |
| 7:16 | Create | Villager (Male) |
| 7:32 | Build | House |
| 7:35 | Build | House |
| 7:42 | Create | Villager (Male) |
| 7:59 | Build | Mining Camp |
| 8:17 | Create | Villager (Male) |
| 8:34 | Create | Villager (Male) |
| 8:42 | Build | House |
| 8:46 | Build | House |
| 9:07 | Create | Villager (Male) |
| 9:17 | Build | Mill |
| 9:42 | Create | Villager (Male) |
| 10:22 | Create | Villager (Male) |
| 10:48 | Create | Villager (Male) |
| 11:10 | Create | Villager (Male) |
| 11:20 | Build | Lumber Camp |
| 11:37 | Research | Feudal Age |
| 13:15 | Build | Mill |
| 13:39 | Create | Villager (Male) |
| 13:48 | Age | Feudal Age |
| 14:12 | Create | Villager (Male) |
| 14:53 | Research | Castle Age |
| 15:21 | Research | Double-Bit Axe |
| 15:24 | Research | Horse Collar |
| 16:27 | Create | Villager (Male) |
| 16:28 | Create | Villager (Male) |
| 16:57 | Build | House |
| 17:01 | Build | House |
| 17:33 | Age | Castle Age |
| 17:38 | Build | Town Center |
| 17:46 | Build | Town Center |
| 18:08 | Research | Bow Saw |
| 18:21 | Create | Villager (Male) |
| 18:35 | Build | Farm |
| 18:35 | Build | Farm |
| 18:47 | Build | Farm |
| 18:57 | Create | Villager (Male) ×5 |
| 19:02 | Build | Farm |
| 19:02 | Build | Farm |
| 19:26 | Build | Farm |
| 19:30 | Build | Farm |
| 19:32 | Create | Villager (Male) |
| 19:36 | Build | Farm |
| 19:45 | Build | Mining Camp |
| 19:54 | Build | Farm |
| 19:59 | Create | Villager (Male) |
| 20:07 | Build | Farm |
| 20:09 | Build | Farm |
| 20:14 | Build | Farm |
| 20:16 | Create | Villager (Male) |
| 20:40 | Create | Villager (Male) |
| 20:51 | Create | Villager (Male) |
| 21:04 | Build | Farm |
| 21:07 | Create | Villager (Male) ×2 |
| 21:16 | Build | Farm |
| 21:18 | Create | Villager (Male) |
| 21:32 | Create | Villager (Male) |
| 21:43 | Build | Farm |
| 21:44 | Build | Farm |
| 21:46 | Build | Farm |
| 21:50 | Build | Farm |
| 21:51 | Build | Farm |
| 21:53 | Build | Farm |
| 21:54 | Build | Farm |
| 21:58 | Create | Villager (Male) ×2 |
| 22:01 | Build | Farm |
| 22:06 | Build | Farm |
| 22:12 | Create | Villager (Male) ×2 |
| 22:20 | Build | Farm |
| 22:28 | Create | Villager (Male) ×2 |
| 22:44 | Build | Town Center |
| 22:47 | Create | Villager (Male) ×3 |
| 22:54 | Create | Villager (Male) |
| 23:19 | Create | Villager (Male) ×4 |
| 23:38 | Create | Villager (Male) ×3 |
| 23:49 | Create | Villager (Male) ×2 |
| 23:54 | Build | Town Center |
| 24:16 | Create | Villager (Male) ×4 |
| 24:40 | Create | Villager (Male) ×5 |
| 24:45 | Build | Farm |
| 24:51 | Build | Farm |
| 24:53 | Build | Farm |
| 25:01 | Create | Villager (Male) ×3 |
| 25:20 | Create | Villager (Male) ×3 |
| 25:34 | Build | Farm |
| 25:37 | Build | Farm |
| 25:43 | Build | House |
| 25:44 | Build | Farm |
| 25:48 | Build | Farm |
| 25:54 | Build | House |
| 25:55 | Build | Farm |
| 26:04 | Build | Monastery |
| 26:09 | Create | Villager (Male) ×5 |
| 26:15 | Build | Farm |
| 26:19 | Build | Farm |
| 26:21 | Create | Villager (Male) ×5 |
| 26:27 | Build | Farm |
| 26:31 | Build | Farm |
| 26:32 | Build | Farm |
| 26:32 | Build | Farm |
| 26:34 | Create | Villager (Male) ×5 |
| 26:48 | Build | Farm |
| 26:51 | Build | Farm |
| 26:55 | Build | House |
| 26:56 | Build | Farm |
| 27:01 | Create | Monk |
| 27:17 | Build | Farm |
| 27:18 | Build | Farm |
| 27:18 | Build | Farm |
| 27:22 | Build | Farm |
| 27:24 | Create | Villager (Male) ×5 |
| 27:37 | Build | Farm |
| 27:52 | Build | Castle |
| 28:06 | Research | Imperial Age |
| 28:26 | Create | Villager (Male) ×5 |
| 28:41 | Build | Siege Workshop |
| 28:42 | Build | Siege Workshop |
| 28:44 | Build | Siege Workshop |
| 28:46 | Build | Siege Workshop |
| 28:50 | Build | Siege Workshop |
| 29:00 | Build | House |
| 29:02 | Build | House |
| 29:03 | Build | House |
| 29:04 | Build | House |
| 29:11 | Create | Villager (Male) ×5 |
| 29:28 | Build | Mining Camp |
Build order — Ploccio
First 150 of 338 actions detected
| 0:03 | Create | Villager (Male) |
| 0:03 | Create | Villager (Male) |
| 0:05 | Build | House |
| 0:06 | Build | House |
| 0:07 | Create | Villager (Male) |
| 0:08 | Create | Villager (Male) |
| 1:38 | Create | Villager (Male) |
| 2:02 | Create | Villager (Male) |
| 2:46 | Create | Villager (Male) |
| 2:47 | Create | Villager (Male) |
| 2:49 | Create | Villager (Male) |
| 3:36 | Create | Villager (Male) |
| 4:02 | Create | Villager (Male) |
| 4:07 | Build | House |
| 4:22 | Build | House |
| 4:23 | Build | House |
| 4:46 | Create | Villager (Male) |
| 4:46 | Create | Villager (Male) |
| 5:03 | Build | Lumber Camp |
| 5:48 | Build | Mill |
| 5:49 | Create | Villager (Male) |
| 5:49 | Create | Villager (Male) |
| 6:14 | Create | Villager (Male) |
| 7:05 | Create | Villager (Male) |
| 7:05 | Create | Villager (Male) |
| 7:06 | Create | Villager (Male) |
| 7:41 | Create | Villager (Male) |
| 7:42 | Create | Villager (Male) |
| 8:08 | Create | Villager (Male) |
| 8:09 | Create | Villager (Male) |
| 8:53 | Create | Villager (Male) |
| 9:34 | Build | Mining Camp |
| 9:36 | Create | Villager (Male) |
| 10:37 | Build | Mill |
| 10:55 | Create | Villager (Male) |
| 10:55 | Create | Villager (Male) |
| 11:05 | Research | Feudal Age |
| 11:43 | Build | Farm |
| 12:03 | Build | House |
| 13:30 | Age | Feudal Age |
| 13:33 | Create | Villager (Male) |
| 13:33 | Create | Villager (Male) |
| 13:34 | Create | Villager (Male) |
| 13:46 | Build | Market |
| 13:54 | Build | Blacksmith |
| 13:58 | Build | Mining Camp |
| 14:00 | Build | Mining Camp |
| 14:03 | Create | Villager (Male) |
| 14:31 | Build | Farm |
| 14:32 | Build | Farm |
| 14:33 | Build | Farm |
| 14:34 | Build | Farm |
| 14:36 | Build | Farm |
| 14:38 | Build | Farm |
| 14:39 | Build | Farm |
| 14:40 | Research | Castle Age |
| 14:56 | Build | House |
| 15:00 | Research | Double-Bit Axe |
| 16:39 | Research | Horse Collar |
| 17:02 | Research | Stone Mining |
| 17:12 | Build | Farm |
| 17:13 | Build | Farm |
| 17:15 | Build | Farm |
| 17:28 | Age | Castle Age |
| 17:35 | Create | Villager (Male) |
| 17:36 | Create | Villager (Male) |
| 17:36 | Create | Villager (Male) |
| 17:36 | Create | Villager (Male) |
| 18:18 | Build | Farm |
| 18:21 | Create | Villager (Male) |
| 18:41 | Build | Town Center |
| 19:33 | Build | Monastery |
| 19:38 | Create | Villager (Male) |
| 19:39 | Create | Villager (Male) |
| 19:39 | Create | Villager (Male) |
| 20:54 | Create | Villager (Male) |
| 20:54 | Create | Villager (Male) |
| 21:12 | Create | Monk |
| 21:18 | Build | Farm |
| 21:20 | Build | Farm |
| 21:22 | Create | Villager (Male) |
| 21:28 | Create | Villager (Male) |
| 22:59 | Create | Villager (Male) |
| 22:59 | Create | Villager (Male) |
| 23:41 | Create | Villager (Male) |
| 23:41 | Create | Villager (Male) |
| 23:45 | Build | House |
| 23:48 | Build | House |
| 24:01 | Research | Wheelbarrow |
| 24:13 | Create | Villager (Male) |
| 24:14 | Create | Villager (Male) |
| 24:20 | Build | Farm |
| 24:21 | Build | Farm |
| 24:22 | Build | Farm |
| 24:23 | Build | Farm |
| 24:25 | Build | Farm |
| 24:31 | Research | Heavy Plow |
| 24:35 | Build | House |
| 24:46 | Create | Villager (Male) |
| 24:46 | Create | Villager (Male) |
| 24:47 | Create | Villager (Male) |
| 25:08 | Build | University |
| 25:20 | Build | House |
| 25:22 | Build | House |
| 25:23 | Build | House |
| 25:24 | Build | House |
| 25:26 | Build | House |
| 25:33 | Build | Town Center |
| 25:51 | Research | Imperial Age |
| 26:06 | Create | Villager (Male) |
| 26:06 | Create | Villager (Male) |
| 26:34 | Build | Siege Workshop |
| 26:36 | Build | Siege Workshop |
| 26:44 | Create | Villager (Male) |
| 26:44 | Create | Villager (Male) |
| 26:47 | Research | Gold Mining |
| 26:51 | Research | Hand Cart |
| 27:10 | Build | Town Center |
| 27:24 | Create | Villager (Male) |
| 27:24 | Create | Villager (Male) |
| 27:24 | Create | Villager (Male) |
| 27:24 | Create | Villager (Male) |
| 27:34 | Research | Bow Saw |
| 28:02 | Create | Villager (Male) |
| 28:02 | Create | Villager (Male) |
| 28:02 | Create | Villager (Male) |
| 28:03 | Create | Villager (Male) |
| 28:03 | Create | Villager (Male) |
| 28:03 | Create | Villager (Male) |
| 28:09 | Create | Villager (Male) |
| 28:19 | Research | Loom |
| 28:21 | Create | Villager (Male) |
| 28:22 | Create | Villager (Male) |
| 28:22 | Create | Villager (Male) |
| 28:22 | Create | Villager (Male) |
| 28:22 | Create | Villager (Male) |
| 28:23 | Create | Villager (Male) |
| 28:23 | Create | Villager (Male) |
| 28:23 | Create | Villager (Male) |
| 28:24 | Create | Villager (Male) |
| 28:24 | Create | Villager (Male) |
| 28:27 | Build | Farm |
| 28:44 | Build | Siege Workshop |
| 28:46 | Create | Villager (Male) |
| 28:46 | Create | Villager (Male) |
| 28:49 | Create | Mangonel |
| 29:16 | Age | Imperial Age |
| 29:22 | Research | Chemistry |
| 29:25 | Create | Villager (Male) |
| 29:25 | Create | Villager (Male) |
Build order — ElHombre724964
First 150 of 373 actions detected
| 0:04 | Create | Villager (Male) |
| 0:05 | Research | Loom |
| 0:10 | Build | House |
| 0:25 | Create | Villager (Male) ×3 |
| 1:12 | Build | House |
| 1:48 | Build | Palisade Wall |
| 2:26 | Create | Villager (Male) |
| 2:47 | Build | Building 800 |
| 2:56 | Create | Villager (Male) |
| 3:15 | Create | Villager (Male) |
| 4:14 | Create | Villager (Male) ×2 |
| 4:47 | Create | Villager (Male) |
| 5:25 | Create | Villager (Male) ×2 |
| 6:35 | Create | Villager (Male) |
| 6:40 | Build | House |
| 7:03 | Build | Palisade Wall |
| 7:36 | Create | Villager (Male) |
| 7:55 | Build | House |
| 9:17 | Create | Villager (Male) |
| 9:38 | Build | Mill |
| 10:41 | Build | Lumber Camp |
| 10:49 | Create | Villager (Male) |
| 10:51 | Create | Villager (Male) |
| 11:20 | Create | Villager (Male) |
| 12:05 | Create | Villager (Male) |
| 12:12 | Build | Mill |
| 12:41 | Create | Villager (Male) |
| 13:21 | Research | Feudal Age |
| 13:28 | Build | Mining Camp |
| 14:53 | Build | House |
| 14:54 | Build | House |
| 14:55 | Build | House |
| 15:00 | Create | Villager (Male) ×5 |
| 16:04 | Build | Market |
| 16:38 | Create | Villager (Male) |
| 17:40 | Build | Blacksmith |
| 18:01 | Create | Villager (Male) |
| 18:18 | Build | Barracks |
| 18:44 | Build | Mining Camp |
| 18:52 | Research | Castle Age |
| 18:58 | Build | Farm |
| 18:58 | Build | Farm |
| 18:58 | Build | Farm |
| 19:25 | Build | Farm |
| 19:28 | Build | Farm |
| 19:31 | Build | Farm |
| 19:36 | Build | Farm |
| 20:14 | Build | Farm |
| 20:19 | Build | Farm |
| 21:27 | Create | Villager (Male) ×4 |
| 21:43 | Build | Archery Range |
| 22:04 | Build | Town Center |
| 22:08 | Build | Farm |
| 22:46 | Build | Archery Range |
| 22:56 | Research | Crossbowman (upgrade) |
| 22:59 | Create | Villager (Male) |
| 23:17 | Build | Town Center |
| 23:32 | Create | Archer |
| 23:58 | Build | Farm |
| 24:00 | Create | Villager (Male) ×4 |
| 24:03 | Create | Archer |
| 24:28 | Create | Archer ×2 |
| 24:34 | Build | House |
| 24:35 | Build | House |
| 24:50 | Create | Archer |
| 25:23 | Create | Archer |
| 25:35 | Create | Villager (Male) ×5 |
| 25:41 | Create | Villager (Male) |
| 25:51 | Create | Villager (Male) ×3 |
| 25:56 | Create | Archer ×2 |
| 26:14 | Create | Villager (Male) |
| 26:21 | Create | Villager (Male) |
| 26:26 | Build | Farm |
| 26:27 | Build | Farm |
| 26:27 | Build | Farm |
| 26:32 | Build | Farm |
| 26:40 | Create | Archer ×3 |
| 26:43 | Create | Villager (Male) |
| 26:51 | Build | Farm |
| 26:51 | Build | Farm |
| 26:51 | Build | Farm |
| 26:53 | Build | Farm |
| 27:02 | Create | Archer |
| 27:12 | Research | Fletching |
| 27:21 | Create | Villager (Male) |
| 27:31 | Build | House |
| 27:32 | Build | House |
| 27:32 | Build | House |
| 27:33 | Build | House |
| 27:33 | Build | House |
| 27:33 | Build | House |
| 27:34 | Build | House |
| 27:37 | Create | Villager (Male) |
| 27:51 | Create | Villager (Male) |
| 27:54 | Build | Farm |
| 27:58 | Create | Archer |
| 28:13 | Create | Villager (Male) ×3 |
| 28:27 | Build | Farm |
| 28:45 | Create | Villager (Male) |
| 28:47 | Create | Villager (Male) |
| 28:56 | Build | Farm |
| 29:36 | Build | Farm |
| 29:37 | Create | Villager (Male) |
| 29:38 | Create | Villager (Male) |
| 29:39 | Create | Villager (Male) |
| 29:39 | Create | Villager (Male) |
| 29:44 | Research | Bodkin Arrow |
| 29:53 | Create | Archer ×5 |
| 30:08 | Build | Farm |
| 30:12 | Create | Villager (Male) |
| 30:14 | Create | Villager (Male) |
| 30:15 | Create | Villager (Male) |
| 30:20 | Build | House |
| 30:20 | Build | House |
| 30:20 | Build | House |
| 30:21 | Build | House |
| 30:21 | Build | House |
| 30:21 | Build | House |
| 30:40 | Create | Archer |
| 30:40 | Create | Archer |
| 30:43 | Create | Villager (Male) |
| 30:43 | Create | Villager (Male) |
| 30:47 | Create | Villager (Male) ×2 |
| 31:12 | Build | Town Center |
| 31:18 | Create | Villager (Male) |
| 31:23 | Create | Villager (Male) |
| 31:36 | Build | Siege Workshop |
| 32:03 | Create | Villager (Male) |
| 32:05 | Create | Villager (Male) |
| 32:15 | Build | Archery Range |
| 32:16 | Build | Archery Range |
| 32:22 | Create | Villager (Male) |
| 32:37 | Create | Villager (Male) |
| 32:42 | Create | Villager (Male) |
| 32:45 | Create | Villager (Male) |
| 32:45 | Create | Villager (Male) |
| 32:49 | Build | Farm |
| 32:50 | Build | Farm |
| 32:51 | Build | Farm |
| 32:54 | Build | Farm |
| 33:22 | Build | Castle |
| 33:26 | Create | Archer |
| 33:26 | Create | Archer |
| 33:26 | Create | Archer |
| 33:37 | Build | Archery Range |
| 33:38 | Build | Archery Range |
| 33:56 | Create | Archer |
| 33:56 | Create | Archer |
| 33:57 | Create | Archer |
| 34:00 | Create | Villager (Male) |
Build order — gabisan
First 150 of 383 actions detected
| 0:02 | Research | Loom |
| 0:02 | Create | Villager (Male) |
| 0:02 | Create | Villager (Male) |
| 0:02 | Create | Villager (Male) |
| 0:03 | Create | Villager (Male) |
| 0:05 | Build | House |
| 0:09 | Build | House |
| 1:55 | Create | Villager (Male) |
| 2:28 | Create | Villager (Male) |
| 2:37 | Create | Villager (Male) |
| 3:10 | Create | Villager (Male) |
| 3:40 | Create | Villager (Male) |
| 3:40 | Create | Villager (Male) |
| 3:51 | Build | Mill |
| 4:03 | Build | House |
| 4:08 | Create | Villager (Male) |
| 5:02 | Create | Villager (Male) |
| 5:03 | Create | Villager (Male) |
| 5:14 | Create | Villager (Male) |
| 6:15 | Create | Villager (Male) |
| 6:16 | Create | Villager (Male) |
| 6:30 | Build | Lumber Camp |
| 6:35 | Build | House |
| 6:50 | Create | Villager (Male) |
| 6:55 | Build | House |
| 7:17 | Create | Villager (Male) |
| 7:18 | Create | Villager (Male) |
| 7:40 | Build | Mining Camp |
| 7:43 | Create | Villager (Male) |
| 7:43 | Create | Villager (Male) |
| 7:57 | Create | Villager (Male) |
| 8:40 | Build | Mill |
| 8:47 | Create | Villager (Male) |
| 8:47 | Create | Villager (Male) |
| 9:59 | Create | Villager (Male) |
| 10:22 | Build | Mining Camp |
| 10:30 | Create | Villager (Male) |
| 10:56 | Research | Feudal Age |
| 11:01 | Build | House |
| 11:03 | Build | House |
| 11:28 | Create | Villager (Male) |
| 12:57 | Build | Farm |
| 12:58 | Build | Farm |
| 12:59 | Build | Farm |
| 13:00 | Build | Farm |
| 13:01 | Build | Farm |
| 13:08 | Build | Farm |
| 13:10 | Create | Villager (Male) |
| 13:27 | Age | Feudal Age |
| 13:34 | Create | Villager (Male) |
| 14:14 | Build | Market |
| 14:49 | Build | Farm |
| 14:52 | Create | Villager (Male) |
| 15:12 | Build | Blacksmith |
| 15:16 | Create | Villager (Male) |
| 15:27 | Build | Farm |
| 15:32 | Research | Horse Collar |
| 16:09 | Research | Castle Age |
| 16:31 | Build | Farm |
| 16:36 | Research | Stone Mining |
| 16:39 | Research | Double-Bit Axe |
| 17:09 | Build | Farm |
| 17:53 | Build | Farm |
| 17:55 | Create | Villager (Male) |
| 18:49 | Create | Villager (Male) |
| 18:49 | Age | Castle Age |
| 18:58 | Build | Castle |
| 19:22 | Build | Town Center |
| 19:25 | Create | Villager (Male) |
| 19:30 | Research | Bow Saw |
| 19:39 | Research | Gold Mining |
| 19:45 | Create | Villager (Male) |
| 19:46 | Create | Villager (Male) |
| 20:10 | Build | Siege Workshop |
| 20:22 | Create | Villager (Male) |
| 20:23 | Create | Villager (Male) |
| 20:29 | Build | House |
| 20:50 | Build | Stone Wall |
| 20:57 | Build | Building 487 |
| 21:15 | Build | Stone Wall |
| 21:20 | Build | Building 487 |
| 21:23 | Build | House |
| 21:24 | Create | Villager (Male) |
| 21:25 | Create | Villager (Male) |
| 21:25 | Create | Villager (Male) |
| 21:34 | Create | Villager (Male) |
| 21:34 | Create | Villager (Male) |
| 21:34 | Create | Villager (Male) |
| 21:44 | Build | Farm |
| 21:47 | Create | Villager (Male) |
| 21:56 | Build | Farm |
| 22:06 | Create | Villager (Male) |
| 22:26 | Create | Villager (Male) |
| 22:26 | Create | Villager (Male) |
| 22:26 | Create | Villager (Male) |
| 22:46 | Build | Town Center |
| 22:57 | Build | Mining Camp |
| 23:08 | Build | Mining Camp |
| 23:18 | Create | Villager (Male) |
| 23:18 | Create | Villager (Male) |
| 23:18 | Create | Villager (Male) |
| 23:29 | Build | Lumber Camp |
| 23:34 | Create | Villager (Male) |
| 23:45 | Build | Town Center |
| 23:48 | Create | Villager (Male) |
| 23:49 | Create | Villager (Male) |
| 23:49 | Create | Villager (Male) |
| 23:54 | Build | Farm |
| 23:55 | Build | Farm |
| 23:57 | Build | Farm |
| 23:59 | Build | Farm |
| 24:03 | Build | Farm |
| 24:06 | Build | Farm |
| 24:11 | Create | Villager (Male) |
| 24:11 | Create | Villager (Male) |
| 24:11 | Create | Villager (Male) |
| 24:19 | Build | House |
| 24:20 | Build | House |
| 24:25 | Create | Villager (Male) |
| 24:34 | Build | Farm |
| 24:35 | Build | Farm |
| 24:37 | Build | Farm |
| 24:42 | Build | Farm |
| 24:43 | Build | Farm |
| 24:44 | Build | Farm |
| 24:48 | Build | Farm |
| 24:50 | Create | Villager (Male) |
| 24:55 | Build | House |
| 24:56 | Build | House |
| 24:59 | Create | Villager (Male) |
| 24:59 | Create | Villager (Male) |
| 25:21 | Research | Fletching |
| 25:37 | Create | Villager (Male) |
| 25:38 | Create | Villager (Male) |
| 25:47 | Build | Farm |
| 25:49 | Build | Farm |
| 25:51 | Build | Farm |
| 25:52 | Build | Farm |
| 26:00 | Build | Farm |
| 26:01 | Build | Farm |
| 26:02 | Build | Farm |
| 26:04 | Build | Farm |
| 26:06 | Create | Villager (Male) |
| 26:06 | Create | Villager (Male) |
| 26:06 | Create | Villager (Male) |
| 26:06 | Create | Villager (Male) |
| 26:16 | Build | Farm |
| 26:36 | Build | House |
| 26:37 | Build | House |
| 26:38 | Create | Villager (Male) |
Build order — BattiLaFiacca
First 150 of 347 actions detected
| 0:03 | Create | Villager (Male) |
| 0:03 | Create | Villager (Male) |
| 0:04 | Create | Villager (Male) |
| 0:05 | Build | House |
| 0:08 | Build | House |
| 0:29 | Create | Villager (Male) |
| 0:32 | Research | Loom |
| 1:42 | Create | Villager (Male) |
| 1:42 | Create | Villager (Male) |
| 2:23 | Create | Villager (Male) |
| 2:36 | Create | Villager (Male) |
| 2:47 | Create | Villager (Male) |
| 2:47 | Create | Villager (Male) |
| 3:33 | Build | Mill |
| 4:43 | Create | Villager (Male) |
| 4:44 | Create | Villager (Male) |
| 5:07 | Create | Villager (Male) |
| 5:40 | Create | Villager (Male) |
| 5:40 | Create | Villager (Male) |
| 5:51 | Build | House |
| 6:02 | Build | House |
| 7:05 | Create | Villager (Male) |
| 7:06 | Create | Villager (Male) |
| 7:40 | Create | Villager (Male) |
| 7:40 | Create | Villager (Male) |
| 9:01 | Create | Villager (Male) |
| 9:01 | Create | Villager (Male) |
| 9:27 | Create | Villager (Male) |
| 9:50 | Build | Lumber Camp |
| 10:22 | Research | Feudal Age |
| 10:28 | Build | Mining Camp |
| 11:05 | Build | Lumber Camp |
| 11:27 | Build | House |
| 11:33 | Build | House |
| 12:09 | Build | Lumber Camp |
| 12:27 | Create | Villager (Male) |
| 12:28 | Create | Villager (Male) |
| 12:28 | Create | Villager (Male) |
| 12:32 | Age | Feudal Age |
| 12:51 | Build | Stone Wall |
| 13:36 | Build | Building 665 |
| 13:48 | Create | Villager (Male) |
| 13:49 | Create | Villager (Male) |
| 13:54 | Build | Market |
| 14:00 | Build | Blacksmith |
| 14:16 | Build | Farm |
| 14:18 | Build | Farm |
| 14:27 | Build | Mill |
| 14:34 | Create | Villager (Male) |
| 14:38 | Build | Farm |
| 14:39 | Create | Villager (Male) |
| 14:42 | Build | Farm |
| 14:54 | Build | Farm |
| 15:27 | Create | Villager (Male) |
| 15:38 | Build | Mining Camp |
| 15:48 | Create | Villager (Male) |
| 15:57 | Build | Farm |
| 16:05 | Build | House |
| 16:06 | Build | House |
| 16:11 | Create | Villager (Male) |
| 16:22 | Build | Farm |
| 16:33 | Build | Farm |
| 16:49 | Build | Farm |
| 16:51 | Create | Villager (Male) |
| 17:07 | Create | Villager (Male) |
| 17:25 | Build | Stone Wall |
| 17:29 | Build | Building 673 |
| 17:37 | Build | Farm |
| 17:43 | Research | Castle Age |
| 17:46 | Build | Farm |
| 18:58 | Research | Double-Bit Axe |
| 19:01 | Research | Horse Collar |
| 20:13 | Build | Barracks |
| 20:23 | Age | Castle Age |
| 20:37 | Build | Town Center |
| 20:47 | Create | Villager (Male) |
| 20:47 | Create | Villager (Male) |
| 20:47 | Create | Villager (Male) |
| 21:08 | Build | Siege Workshop |
| 21:29 | Create | Villager (Male) |
| 21:53 | Build | Farm |
| 21:54 | Create | Villager (Male) |
| 22:14 | Create | Villager (Male) |
| 22:14 | Create | Villager (Male) |
| 22:19 | Build | Farm |
| 22:28 | Create | Mangonel |
| 22:35 | Build | Stable |
| 22:46 | Create | Villager (Male) |
| 22:46 | Create | Villager (Male) |
| 22:58 | Create | Villager (Male) |
| 23:02 | Create | Villager (Male) |
| 23:02 | Create | Villager (Male) |
| 23:18 | Create | Villager (Male) |
| 23:49 | Create | Knight |
| 23:49 | Create | Knight |
| 23:49 | Create | Knight |
| 23:50 | Create | Knight |
| 24:29 | Create | Villager (Male) |
| 24:30 | Create | Villager (Male) |
| 24:30 | Create | Villager (Male) |
| 24:34 | Create | Villager (Male) |
| 24:34 | Create | Villager (Male) |
| 24:38 | Build | House |
| 24:48 | Build | Monastery |
| 24:58 | Create | Villager (Male) |
| 24:59 | Create | Villager (Male) |
| 25:06 | Build | House |
| 25:13 | Create | Villager (Male) |
| 25:22 | Create | Villager (Male) |
| 25:35 | Create | Monk |
| 25:40 | Build | House |
| 25:41 | Build | House |
| 25:48 | Create | Villager (Male) |
| 26:01 | Create | Knight |
| 26:01 | Create | Knight |
| 26:01 | Create | Knight |
| 26:58 | Build | Town Center |
| 27:02 | Create | Villager (Male) |
| 27:02 | Create | Villager (Male) |
| 27:09 | Create | Villager (Male) |
| 27:34 | Create | Mangonel |
| 27:46 | Build | Castle |
| 28:02 | Create | Villager (Male) |
| 28:02 | Create | Villager (Male) |
| 28:04 | Create | Villager (Male) |
| 28:04 | Create | Villager (Male) |
| 28:08 | Create | Villager (Male) |
| 28:08 | Create | Villager (Male) |
| 28:18 | Build | House |
| 28:20 | Build | House |
| 28:22 | Build | House |
| 28:23 | Build | House |
| 28:38 | Build | House |
| 28:47 | Create | Villager (Male) |
| 28:49 | Create | Villager (Male) |
| 29:46 | Create | Knight |
| 29:46 | Create | Knight |
| 29:52 | Research | Imperial Age |
| 29:56 | Build | House |
| 29:57 | Build | House |
| 30:06 | Create | Villager (Male) |
| 30:06 | Create | Villager (Male) |
| 30:08 | Create | Villager (Male) |
| 30:08 | Create | Villager (Male) |
| 30:16 | Build | Farm |
| 30:19 | Build | Farm |
| 30:20 | Build | Farm |
| 30:22 | Build | Farm |
| 30:24 | Build | Farm |
| 30:26 | Build | Farm |
Build order — nyquist
First 150 of 325 actions detected
| 0:05 | Build | House |
| 0:11 | Build | House |
| 0:12 | Build | House |
| 0:19 | Research | Loom |
| 0:20 | Create | Villager (Male) ×4 |
| 0:56 | Build | Palisade Wall |
| 1:04 | Build | Palisade Wall |
| 3:05 | Create | Villager (Male) |
| 3:05 | Create | Villager (Male) |
| 3:20 | Build | Palisade Wall |
| 4:31 | Create | Villager (Male) |
| 4:32 | Create | Villager (Male) |
| 5:04 | Create | Villager (Male) |
| 5:04 | Create | Villager (Male) |
| 5:26 | Create | Villager (Male) ×2 |
| 6:42 | Create | Villager (Male) |
| 7:25 | Build | House |
| 7:38 | Create | Villager (Male) ×2 |
| 7:47 | Build | House |
| 7:59 | Build | House |
| 8:35 | Create | Villager (Male) |
| 9:13 | Create | Villager (Male) |
| 10:17 | Build | Mill |
| 11:28 | Create | Villager (Male) |
| 11:28 | Create | Villager (Male) |
| 12:20 | Create | Villager (Male) |
| 12:20 | Create | Villager (Male) |
| 12:20 | Create | Villager (Male) |
| 12:21 | Create | Villager (Male) |
| 12:22 | Create | Villager (Male) |
| 14:00 | Create | Villager (Male) |
| 14:27 | Create | Villager (Male) |
| 15:00 | Build | Mining Camp |
| 15:13 | Create | Villager (Male) |
| 15:34 | Build | Lumber Camp |
| 15:46 | Create | Villager (Male) |
| 16:47 | Research | Feudal Age |
| 17:26 | Build | Farm |
| 17:26 | Build | Farm |
| 17:27 | Build | Farm |
| 17:29 | Build | Farm |
| 17:30 | Build | Farm |
| 18:57 | Age | Feudal Age |
| 19:24 | Build | Stone Wall |
| 19:44 | Create | Villager (Male) |
| 19:44 | Create | Villager (Male) |
| 19:45 | Create | Villager (Male) |
| 20:03 | Build | Market |
| 20:10 | Build | Blacksmith |
| 21:08 | Build | Mining Camp |
| 21:11 | Create | Villager (Male) |
| 21:16 | Research | Castle Age |
| 21:19 | Create | Villager (Male) ×2 |
| 22:02 | Create | Villager (Male) |
| 23:39 | Research | Horse Collar |
| 23:42 | Research | Double-Bit Axe |
| 23:57 | Age | Castle Age |
| 24:14 | Build | Siege Workshop |
| 24:22 | Create | Villager (Male) |
| 24:45 | Create | Mangonel |
| 25:06 | Build | Town Center |
| 25:18 | Create | Villager (Male) ×5 |
| 26:04 | Research | Fletching |
| 26:53 | Create | Villager (Male) ×5 |
| 27:05 | Build | Town Center |
| 27:17 | Create | Mangonel |
| 27:25 | Create | Villager (Male) ×2 |
| 27:32 | Build | House |
| 27:33 | Build | House |
| 27:35 | Build | House |
| 27:36 | Build | House |
| 27:38 | Build | House |
| 28:20 | Build | Watch Tower |
| 28:39 | Create | Villager (Male) ×3 |
| 28:45 | Build | House |
| 28:46 | Build | House |
| 28:47 | Build | House |
| 28:47 | Build | House |
| 28:49 | Build | House |
| 29:03 | Build | Town Center |
| 29:41 | Create | Villager (Male) ×3 |
| 29:42 | Create | Villager (Male) ×3 |
| 30:29 | Create | Villager (Male) ×3 |
| 30:30 | Create | Villager (Male) ×3 |
| 30:36 | Build | Farm |
| 30:36 | Build | Farm |
| 30:36 | Build | Farm |
| 30:36 | Build | Farm |
| 30:37 | Build | Farm |
| 30:37 | Build | Farm |
| 30:38 | Build | Farm |
| 30:55 | Build | Castle |
| 31:15 | Create | Villager (Male) ×2 |
| 31:15 | Create | Villager (Male) ×2 |
| 31:21 | Build | Farm |
| 31:22 | Build | Farm |
| 31:30 | Build | Farm |
| 31:30 | Build | Farm |
| 31:30 | Build | Farm |
| 31:31 | Build | Farm |
| 31:31 | Build | Farm |
| 31:31 | Build | Farm |
| 31:32 | Build | Farm |
| 31:33 | Build | Farm |
| 32:02 | Create | Villager (Male) ×4 |
| 32:03 | Create | Villager (Male) ×4 |
| 32:20 | Build | Barracks |
| 33:23 | Build | Archery Range |
| 33:28 | Build | Archery Range |
| 33:28 | Build | Archery Range |
| 33:37 | Create | Villager (Male) ×5 |
| 33:38 | Create | Villager (Male) ×5 |
| 33:38 | Create | Villager (Male) ×4 |
| 34:32 | Build | Archery Range |
| 34:38 | Build | Archery Range |
| 34:41 | Build | Archery Range |
| 34:48 | Create | Villager (Male) ×5 |
| 34:49 | Create | Villager (Male) ×5 |
| 35:00 | Build | Mining Camp |
| 35:09 | Create | Villager (Male) |
| 35:10 | Create | Villager (Male) |
| 35:26 | Research | Elite Skirmisher (upgrade) |
| 35:27 | Create | Skirmisher ×3 |
| 35:27 | Create | Skirmisher ×3 |
| 35:38 | Build | Castle |
| 35:50 | Create | Villager (Male) ×3 |
| 35:51 | Create | Villager (Male) ×3 |
| 35:58 | Build | Farm |
| 36:23 | Create | Mangonel |
| 36:24 | Create | Mangonel |
| 36:54 | Build | Monastery |
| 36:58 | Build | University |
| 37:02 | Build | House |
| 37:04 | Build | House |
| 37:05 | Build | House |
| 37:11 | Research | Bodkin Arrow |
| 37:41 | Build | House |
| 37:42 | Build | House |
| 37:43 | Build | House |
| 37:43 | Build | House |
| 37:52 | Create | Spearman ×5 |
| 37:53 | Create | Spearman ×5 |
| 37:53 | Create | Spearman ×5 |
| 38:25 | Research | Ballistics |
| 38:29 | Research | Heavy Plow |
| 38:31 | Create | Villager (Male) |
| 38:31 | Create | Villager (Male) |
| 38:49 | Build | Barracks |
| 38:51 | Build | Barracks |
| 38:54 | Build | Barracks |
Match timeline
| 0:56 | nyquist · wall_segment Palisade Wall x2 |
| 1:04 | nyquist · wall_segment Palisade Wall x8 |
| 1:46 | riskND · wall_segment Palisade Wall x17 |
| 1:48 | ElHombre724964 · wall_segment Palisade Wall x7 |
| 1:53 | email_to_mihai · wall_segment Palisade Wall x9 |
| 2:13 | It.Happens · wall_segment Palisade Wall x1 |
| 2:15 | It.Happens · wall_segment Palisade Wall x2 |
| 2:16 | It.Happens · wall_segment Palisade Wall x1 |
| 3:00 | riskND · wall_segment Palisade Wall x11 |
| 3:20 | nyquist · wall_segment Palisade Wall x8 |
| 5:13 | It.Happens · wall_segment Palisade Wall x2 |
| 5:17 | It.Happens · wall_segment Palisade Wall x4 |
| 5:18 | It.Happens · wall_segment Palisade Wall x1 |
| 6:25 | riskND · wall_segment Palisade Wall x1 |
| 6:30 | riskND · wall_segment Palisade Wall x1 |
| 7:03 | ElHombre724964 · wall_segment Palisade Wall x11 |
| 9:29 | email_to_mihai · wall_segment Palisade Wall x1 |
| 11:51 | It.Happens · age_up feudal |
| 12:32 | BattiLaFiacca · age_up feudal |
| 12:51 | BattiLaFiacca · wall_segment Stone Wall x8 |
| 13:27 | gabisan · age_up feudal |
| 13:30 | Ploccio · age_up feudal |
| 13:48 | riskND · age_up feudal |
| 15:06 | email_to_mihai · age_up feudal |
| 15:24 | email_to_mihai · first_building Barracks |
| 16:42 | It.Happens · first_building Barracks |
| 17:03 | email_to_mihai · first_building Archery Range |
| 17:23 | email_to_mihai · wall_segment Stone Wall x9 |
| 17:25 | BattiLaFiacca · wall_segment Stone Wall x13 |
| 17:28 | Ploccio · age_up castle |
| 17:33 | riskND · age_up castle |
| 17:49 | It.Happens · first_building Archery Range |
| 18:16 | It.Happens · age_up castle |
| 18:18 | ElHombre724964 · first_building Barracks |
| 18:49 | gabisan · age_up castle |
| 18:57 | nyquist · age_up feudal |
| 18:58 | gabisan · first_building Castle |
| 19:24 | nyquist · wall_segment Stone Wall x10 |
| 19:33 | Ploccio · first_building Monastery |
| 19:39 | It.Happens · first_building Castle |
| 20:10 | gabisan · first_building Siege Workshop |
| 20:13 | BattiLaFiacca · first_building Barracks |
| 20:14 | It.Happens · wall_segment Stone Wall x6 |
| 20:21 | It.Happens · wall_segment Stone Wall x2 |
| 20:23 | It.Happens · wall_segment Stone Wall x4 |
| 20:23 | BattiLaFiacca · age_up castle |
| 20:26 | email_to_mihai · wall_segment Stone Wall x1 |
| 20:50 | gabisan · wall_segment Stone Wall x10 |
| 21:08 | BattiLaFiacca · first_building Siege Workshop |
| 21:11 | email_to_mihai · age_up castle |
| 21:15 | gabisan · wall_segment Stone Wall x13 |
| 21:33 | It.Happens · wall_segment Stone Wall x3 |
| 21:36 | It.Happens · wall_segment Stone Wall x5 |
| 21:43 | ElHombre724964 · first_building Archery Range |
| 21:57 | email_to_mihai · first_building Castle |
| 22:35 | BattiLaFiacca · first_building Stable |
| 23:57 | nyquist · age_up castle |
| 24:14 | nyquist · first_building Siege Workshop |
| 24:26 | ElHombre724964 · first_market_sell 100 wood |
| 24:41 | It.Happens · first_building Monastery |
| 24:48 | BattiLaFiacca · first_building Monastery |
| 25:00 | email_to_mihai · first_building Siege Workshop |
| 26:04 | riskND · first_building Monastery |
| 26:34 | Ploccio · first_building Siege Workshop |
| 27:46 | BattiLaFiacca · first_building Castle |
| 27:52 | riskND · first_building Castle |
| 28:29 | gabisan · first_market_sell 500 wood |
| 28:36 | gabisan · first_market_buy 100 food |
| 28:41 | riskND · first_building Siege Workshop |
| 29:16 | Ploccio · age_up imperial |
| 29:55 | gabisan · first_building Barracks |
| 30:21 | riskND · first_building Stable |
| 30:25 | It.Happens · age_up imperial |
| 30:55 | nyquist · first_building Castle |
| 31:16 | riskND · age_up imperial |
| 31:36 | ElHombre724964 · first_building Siege Workshop |
| 32:04 | gabisan · first_building Stable |
| 32:18 | gabisan · age_up imperial |
| 32:20 | nyquist · first_building Barracks |
| 33:02 | BattiLaFiacca · age_up imperial |
| 33:22 | ElHombre724964 · first_building Castle |
| 33:23 | nyquist · first_building Archery Range |
| 33:25 | email_to_mihai · age_up imperial |
| 35:26 | Ploccio · first_building Barracks |
| 36:54 | nyquist · first_building Monastery |
| 37:12 | gabisan · wall_segment Stone Wall x2 |
| 39:47 | email_to_mihai · tribute_sent a jugador 1 |
| 39:47 | email_to_mihai · tribute_sent a jugador 2 |
| 39:47 | email_to_mihai · tribute_sent a jugador 3 |
| 39:47 | email_to_mihai · tribute_sent a jugador 5 |
| 39:48 | email_to_mihai · tribute_sent a jugador 6 |
| 39:48 | email_to_mihai · tribute_sent a jugador 7 |
| 39:48 | email_to_mihai · tribute_sent a jugador 8 |
| 40:01 | nyquist · first_building Stable |
| 41:18 | email_to_mihai · tribute_sent a jugador 1 |
| 41:18 | email_to_mihai · tribute_sent a jugador 2 |
| 41:18 | email_to_mihai · tribute_sent a jugador 3 |
| 41:18 | email_to_mihai · tribute_sent a jugador 5 |
| 41:18 | email_to_mihai · tribute_sent a jugador 6 |
| 41:18 | email_to_mihai · tribute_sent a jugador 7 |
| 41:18 | email_to_mihai · tribute_sent a jugador 8 |
| 43:02 | nyquist · age_up imperial |
| 44:03 | nyquist · first_market_sell 100 food |
| 45:00 | ElHombre724964 · first_building Monastery |
| 47:09 | email_to_mihai · tribute_sent a jugador 1 |
| 47:09 | email_to_mihai · tribute_sent a jugador 2 |
| 47:09 | email_to_mihai · tribute_sent a jugador 3 |
| 47:09 | email_to_mihai · tribute_sent a jugador 5 |
| 47:09 | email_to_mihai · tribute_sent a jugador 6 |
| 47:09 | email_to_mihai · tribute_sent a jugador 7 |
| 47:09 | email_to_mihai · tribute_sent a jugador 8 |
| 47:29 | BattiLaFiacca · first_building Archery Range |
| 49:02 | It.Happens · first_building Siege Workshop |
| 53:14 | riskND · first_market_sell 500 food |
| 54:53 | email_to_mihai · tribute_sent a jugador 1 |
| 54:53 | email_to_mihai · tribute_sent a jugador 2 |
| 54:53 | email_to_mihai · tribute_sent a jugador 3 |
| 54:53 | email_to_mihai · tribute_sent a jugador 5 |
| 54:53 | email_to_mihai · tribute_sent a jugador 6 |
| 54:53 | email_to_mihai · tribute_sent a jugador 7 |
| 54:53 | email_to_mihai · tribute_sent a jugador 8 |
| 55:42 | It.Happens · resign |
| 56:52 | email_to_mihai · first_market_sell 100 food |
| 58:48 | email_to_mihai · tribute_sent a jugador 1 |
| 58:48 | email_to_mihai · tribute_sent a jugador 2 |
| 58:48 | email_to_mihai · tribute_sent a jugador 3 |
| 58:48 | email_to_mihai · tribute_sent a jugador 5 |
| 58:48 | email_to_mihai · tribute_sent a jugador 6 |
| 58:48 | email_to_mihai · tribute_sent a jugador 7 |
| 58:48 | email_to_mihai · tribute_sent a jugador 8 |
| 58:56 | gabisan · tribute_sent a jugador 1 |
| 58:56 | gabisan · tribute_sent a jugador 2 |
| 58:56 | gabisan · tribute_sent a jugador 3 |
| 58:56 | gabisan · tribute_sent a jugador 4 |
| 58:56 | gabisan · tribute_sent a jugador 5 |
| 58:56 | gabisan · tribute_sent a jugador 7 |
| 58:56 | gabisan · tribute_sent a jugador 8 |
| 59:16 | riskND · tribute_sent a jugador 1 |
| 59:16 | riskND · tribute_sent a jugador 3 |
| 59:16 | riskND · tribute_sent a jugador 4 |
| 59:16 | riskND · tribute_sent a jugador 5 |
| 59:16 | riskND · tribute_sent a jugador 6 |
| 59:16 | riskND · tribute_sent a jugador 7 |
| 59:16 | riskND · tribute_sent a jugador 8 |
[ AI ANALYSIS · 1 CREDIT ]
What really happened in this match?
Wolo.gg analyzes every decision: build order, eco, micro, common mistakes by bracket. Personalized analysis on WhatsApp or Discord in 30 seconds.
Civ guide
Britons
Map guide
Black Forest
Perfil
Jugador #263776